 Dungeon Crawl Stone Soup version 0.32-a0-30-gefbe487952 (webtiles) character file.

Game seed: 4383925886342957784

20 innerfire43 the Grave Robber (level 2, 0/16 (22) HPs)
             Began as a Demonspawn Wanderer on Jan 19, 2024.
             Slain by an adder (2 damage)
             ... on level 2 of the Dungeon.
             The game lasted 00:02:54 (438 turns).

innerfire43 the Grave Robber (Demonspawn Wanderer)   Turns: 438, Time: 00:02:54

HP:   0/16 (22)     AC:  2    Str: 11    XL:     2   Next: 58%
MP:   4/4           EV: 11    Int: 16    God:
Gold: 47            SH:  0    Dex:  9    Spells: 2/3 levels left

rFire   . . .        a - +0 dagger
rCold   . . .        (no shield)
rNeg    . . .        d - +0 robe
rPois   .            (helmet restricted)
rElec   .            (no cloak)
rCorr   .            (no gloves)
SInv    .            (no boots)
Will    .....        (no amulet)
Stlth   +            (no ring)
HPRegen 0.22/turn    (no ring)
MPRegen 0.09/turn

%: no passive effects
@: very heavily drained
A: horns 1
a: no special abilities


You were on level 2 of the Dungeon.
You visited 1 branch of the dungeon, and saw 2 of its levels.

You collected 47 gold pieces.

Inventory:

Hand Weapons
 a - a +0 dagger (weapon)
Missiles
 b - 6 boomerangs
Armour
 d - a +0 robe (worn)
Scrolls
 e - a scroll of identify {unknown}
Potions
 c - a potion of berserk rage


   Skills:
 + Level 2.1 Fighting
 + Level 1.1 Throwing
 + Level 1.1 Armour
 + Level 1.1 Dodging
 * Level 1.3 Spellcasting
 * Level 0.9 Conjurations
 - Level 1.0 Hexes
 * Level 3.5 Necromancy


You had 2 spell levels left.
You knew the following spells:

 Your Spells              Type           Power      Damage    Failure   Level
a - Kiss of Death         Conj/Necr      32%        2d7       9%          1

Your spell library contained the following spells:

 Spells                   Type           Power      Damage    Failure   Level
 Sublimation of Blood     Necr           12%        N/A       8%          2
 Slow                     Hex            16%        N/A       14%         1
 Vampiric Draining        Necr           12%        2d6       16%         3
 Inner Flame              Hex/Fire       2%         N/A       47%         3


Dungeon Overview and Level Annotations

Branches:
Dungeon (2/15)

Altars:


Innate Abilities, Weirdness & Mutations

You have a pair of small horns on your head.


Message History

You hit the bat.
The bat is moderately wounded.
The bat closely misses you.
A bat is nearby!
The bat closely misses you.
You closely miss the bat. You headbutt the bat.
You kill the bat!
No target in view!
No target in view!
An adder comes into view.
The adder hisses angrily.
An adder is nearby!
An adder is nearby!
A rat comes into view.
The rat squeaks loudly.
The adder bites you but does no damage.
You closely miss the adder. The adder completely misses you.
The adder bites you.
You hit the adder but do no damage. Your headbutt misses the adder.
The adder bites you.
You closely miss the adder. The adder bites you.
You hit the adder but do no damage. Your headbutt misses the adder.
The adder bites you. The adder closely misses you.
You hit the adder but do no damage. The adder bites you but does no damage.
You barely miss the adder. The rat barely misses you. The adder bites you.
There are monsters nearby!
You are too injured to fight recklessly!
You are too injured to fight recklessly!
You are too injured to fight recklessly!
You closely miss the adder. The adder bites you. The rat misses you.
You hit the adder but do no damage. The adder bites you.
* * * LOW HITPOINT WARNING * * *
The rat bites you but does no damage. The adder bites you.
* * * LOW HITPOINT WARNING * * *
You closely miss the adder. Your headbutt misses the adder.
The rat bites you but does no damage. The adder bites you but does no damage.
You closely miss the adder. You headbutt the adder.
The adder is lightly wounded.
The rat bites you but does no damage. The adder bites you.
You die...

.†..# ....# ....##.#
....# ...#..# ....#..
. ..#..# .......
..###....# ........
.........# ......#.
.........#
...............rS.#
......###. #@.#
.#....# #. #..#
....... #.. #..##
.÷.....##.######...#.#
............#........#
..... #..#.#........#
..... #.............#
....####.#.##........#
......#..#.##........#


You could see an adder and a rat.

Vanquished Creatures
  An adder (D:2)
  A dart slug (D:2)
  A bat (D:2)
  An endoplasm (D:2)
  A goblin (D:2)
  A hobgoblin (D:2)
  A ball python (D:2)
  2 frilled lizards (D:2)
  A rat (D:2)
10 creatures vanquished.

Notes
Turn   | Place    | Note
-------+----------+-------------------------------------------
     0 | D:1      | innerfire43 the Demonspawn Wanderer began the quest for the
                  | Orb.
     0 | D:1      | innerfire43 set off with the following items: a +0 dagger,
                  | 8 boomerangs, a potion of berserk rage, a +0 robe; and the
                  | following spells available to memorise: Sublimation of
                  | Blood, Kiss of Death, Slow, Vampiric Draining, Inner Flame.
     0 | D:1      | Reached XP level 1. HP: 16/16 MP: 2/2
     2 | D:1      | Learned a level 1 spell: Kiss of Death
    49 | D:1      | You fall into a shaft and drop 1 floor!
    76 | D:2      | Gained mutation: You have a pair of small horns on your
                  | head. [demonic ancestry]
    76 | D:2      | Reached XP level 2. HP: 8/22 MP: 1/3
   438 | D:2      | Slain by an adder

Illustrated notes

Levels and vault maps discovered:
D:1:      evilmike_arrival_rings, layout_basic
D:2:      layout_rooms, basic_altar, uniq_crazy_yiuf_cottage

Action                     || total
---------------------------++-------
  Melee: Dagger            ||    31
         Headbutt          ||     4
  Throw: Boomerang         ||    13
   Cast: Kiss of Death     ||     3
 Armour: Robe              ||    30
  Dodge: Dodged            ||    25

Table legend: (Time is in decaauts)
 A = Elapsed time spent in this place.
 B = Non-inter-level travel time spent in this place.
 C = Inter-level travel time spent in this place.
 D = Time resting spent in this place.
 E = Time spent auto-exploring this place.
 F = Levels seen in this place.
 G = Mean time per level.
                   A        B        C        D        E       F      G
               +--------+--------+--------+--------+--------+-----+--------+
         Total |    440 |    440 |      0 |      0 |    341 |   2 |  220.0 |
       Dungeon |    440 |    440 |      0 |      0 |    341 |   2 |  220.0 |
               +--------+--------+--------+--------+--------+-----+--------+

Top non-repeatable levels by time:
     D:2: 391 daAuts
     D:1: 49 daAuts
